 Dungeon Crawl Stone Soup version 0.22.1-6-g1668fe2 (webtiles) character file.

211 lorenzova the Skirmisher (level 5, -1/50 HPs)
             Began as a Minotaur Fighter on Jan 25, 2019.
             Slain by a sky beast (3 damage)
             ... on level 3 of the Dungeon.
             The game lasted 00:02:47 (2065 turns).

lorenzova the Skirmisher (Minotaur Fighter)         Turns: 2065, Time: 00:02:48

Health: -1/50      AC:  7    Str: 19 (21) XL:     5   Next: 57%
Magic:  4/4        EV:  7    Int:  4 (5)  God:
Gold:   119        SH:  9    Dex:  9 (10) Spells: 4/4 levels left

rFire    . . .     SeeInvis .   a - +0 war axe
rCold    . . .     Gourm    .   c - +0 shield
rNeg     . . .     Faith    .   b - +0 scale mail
rPois    +         Spirit   .   (helmet restricted)
rElec    .         Reflect  .   (no cloak)
rCorr    .         Harm     .   (no gloves)
MR       .....                  (no boots)
Stlth    ..........             (no amulet)
HPRegen  0.16/turn              n - ring of poison resistance
MPRegen  0.09/turn              (no ring)

@: no status effects
A: retaliatory headbutt, horns 2
a: no special abilities


You were on level 3 of the Dungeon.
You were not hungry.

You visited 1 branch of the dungeon, and saw 3 of its levels.

You collected 119 gold pieces.

Inventory:

Hand Weapons
 a - a +0 war axe (weapon)
Armour
 b - a +0 scale mail (worn)
 c - a +0 shield (worn)
Jewellery
 n - a ring of poison resistance (left hand)
 q - an uncursed ring of ice {unknown}
Scrolls
 e - 5 scrolls of remove curse {unknown}
 g - a scroll of amnesia {unknown}
 i - 3 scrolls of identify {unknown}
 j - a scroll of teleportation {unknown}
 l - 3 scrolls of enchant weapon {unknown}
 o - a scroll of magic mapping {unknown}
 p - a scroll of noise {unknown}
 r - a scroll of fog {unknown}
 u - a scroll of immolation {unknown}
Potions
 d - a potion of might
 h - a potion of magic {unknown}
 k - a potion of degeneration
 m - a potion of brilliance {unknown}
 t - 2 potions of heal wounds {unknown}
Comestibles
 f - 5 rations
 s - 3 chunks of flesh


   Skills:
 + Level 6.0 Fighting
 - Level 2.4 Axes
 + Level 6.0 Armour
 - Level 3.6 Shields


You had 4 spell levels left.
You didn't know any spells.
Your spell library was empty.

Dungeon Overview and Level Annotations

Branches:
Dungeon (3/15)

Altars:
Kikubaaqudgha
Ru


Innate Abilities, Weirdness & Mutations

You reflexively headbutt those who attack you in melee.
You have a pair of horns on your head.


Message History

You block something's attack. Something hits you but does no damage.
You miss something. Something hits you but does no damage.
You miss something. Something hits you. Something shocks you.
You miss something. Your headbutt misses something. Something hits you.
Something shocks you. Something hits you. Something shocks you.
* * * LOW HITPOINT WARNING * * *
You closely miss something. Something hits you.
* * * LOW HITPOINT WARNING * * *
Something shocks you.
* * * LOW HITPOINT WARNING * * *
You miss something. You headbutt something. Something hits you.
* * * LOW HITPOINT WARNING * * *
Something shocks you.
* * * LOW HITPOINT WARNING * * *
Something hits you but does no damage.
It was a potion of degeneration.
There was something very wrong with that liquid.
You feel weakened.
You feel dopey.
You feel clumsy. Something hits you.
You die...

.#[
....##+#...####.#
... ...........#
.## ########....#
... #....##.....#
.###
#._≈....⌠...# .#
#...≈......## .#
#...≈≈.....# #
##.≈≈≈≈≈...#
#.@≈≈≈≈≈..#
#...{≈≈≈≈..#
#...⌠..≈.......
#.#.........###.
#...........#
######.##.#...
#.# .#.#. #.# .#
#


There were no monsters in sight!

Vanquished Creatures
  A hound (D:3)
  Natasha (D:3)
  4 gnolls (D:3)
  6 adders
  A worm (D:2)
  4 dart slugs
  A leopard gecko (D:2)
  A ball python (D:1)
  4 bats
  3 giant cockroaches
  4 hobgoblins
  9 jackals
  2 kobolds (D:1)
  4 frilled lizards
  6 goblins
  6 rats
57 creatures vanquished.

Notes
Turn   | Place    | Note
-------+----------+-------------------------------------------
     0 | D:1      | lorenzova the Minotaur Fighter began the quest for the Orb.
     0 | D:1      | Reached XP level 1. HP: 19/19 MP: 0/0
    96 | D:1      | Reached XP level 2. HP: 25/27 MP: 1/1
   630 | D:1      | Reached XP level 3. HP: 34/34 MP: 2/2
  1155 | D:2      | Found a sacrificial altar of Ru.
  1554 | D:3      | Reached skill level 5 in Fighting
  1554 | D:3      | Reached skill level 5 in Armour
  1554 | D:3      | Reached XP level 4. HP: 30/42 MP: 3/3
  1714 | D:3      | Noticed Natasha
  1717 | D:3      | Killed Natasha
  1717 | D:3      | Reached XP level 5. HP: 45/48 MP: 4/4
  2049 | D:3      | Found an ancient bone altar of Kikubaaqudgha.
  2051 | D:3      | Noticed a sky beast
  2064 | D:3      | HP: 2/50 [something (5)]
  2065 | D:3      | Slain by a sky beast

Skill      XL: |  1  2  3  4  5 |
---------------+----------------+-----
Fighting       | 4 5 6 |  6.0
Armour         | 4 5 6 |  6.0
Axes           | |  2.4
Shields        | |  3.6

Action                   |  1- 3 |  4- 6 || total
-------------------------+-------+-------++-------
Melee: War axe           |    68 |    59 ||   127
       Headbutt          |    10 |    13 ||    23
  Use: Potion            |       |     1 ||     1
  Eat: Chunk             |     2 |     2 ||     4
Armor: Scale mail        |    32 |    30 ||    62
Dodge: Dodged            |    19 |    17 ||    36
Block: Shield            |    34 |    42 ||    76
